 Dungeon Crawl Stone Soup version 0.22-a0-482-g76e0a5f (webtiles) character file.

171366 emperorscorpion the Warrior (level 17, -19/103 HPs)
             Began as a Gargoyle Fighter on June 17, 2018.
             Was the Champion of Hepliaklqana.
             Demolished by a vault warden
             ... wielding a +3 great mace of draining
              (27 damage)
             ... on level 1 of the Vaults on June 18, 2018.
             The game lasted 01:18:46 (31787 turns).

emperorscorpion the Warrior (Gargoyle Fighter)     Turns: 31787, Time: 01:18:47

Health: -19/103    AC: 35    Str: 26    XL:     17   Next: 71%
Magic:  27/27      EV:  9    Int: 16    God:    Hepliaklqana [******]
Gold:   1113       SH: 14    Dex: 11    Spells: 16/16 levels left

rFire    + + .     SeeInvis .   a - +3 demon whip (chaos)
rCold    x . .     Gourm    .   c - +0 shield
rNeg     + . .     Faith    +   L - +1 plate armour "Cyughiz" {Dex+2}
rPois    ∞         Spirit   .   o - +0 helmet
rElec    +         Reflect  .   (no cloak)
rCorr    .         Harm     .   i - +2 pair of gloves "Kevetept" {Int+6}
MR       +....                  D - +2 pair of boots
Stlth    ..........             N - amulet of faith
HPRegen  0.27/turn              y - ring of protection from fire
MPRegen  0.20/turn              Y - ring of fire

@: flying
A: reduced essence, big wings, deformed body, negative energy resistance 1,
electricity resistance, wild magic 1, unbreathing, evolution 1, petrification
resistance, rot immunity, AC +12
}: 1/15 runes: decaying
a: Stop Flying, Recall Ancestor, Ancestor Identity, Transference, Idealise,
Renounce Religion


You were on level 1 of the Vaults.
You worshipped Hepliaklqana.
Hepliaklqana was exalted by your worship.
You were hungry.

You visited 6 branches of the dungeon, and saw 28 of its levels.
You visited the Abyss 1 time.
You visited 1 bazaar.
You also visited: Sewer.

You collected 1885 gold pieces.
You spent 772 gold pieces at shops.

Inventory:

Hand Weapons
 a - a +3 demon whip of chaos (weapon)
 j - a +0 blowgun
Missiles
 z - a throwing net (quivered)
Armour
 c - a +0 shield (worn)
 i - the +2 pair of gloves "Kevetept" (worn) {Int+6}
   (You bought it in a shop in a bazaar)

   It affects your intelligence (+6).
 o - a +0 helmet (worn)
 D - a +2 pair of boots (worn)
 L - the +1 plate armour "Cyughiz" (worn) {Dex+2}
   (You acquired it on level 11 of the Dungeon)

   It affects your dexterity (+2).
 W - a +0 pair of gloves of strength
Magical Staves
 s - an uncursed staff of power
Jewellery
 y - a ring of protection from fire (left hand)
 N - an amulet of faith (around neck)
 U - the ring "Worghel" {*Drain rElec MP+9 SInv Stlth-}
   (You found it on level 11 of the Dungeon)

   [ring of loudness]

   It insulates you from electricity.
   It affects your magic capacity (+9).
   It lets you see invisible.
   It causes draining when unequipped.
   It makes you less stealthy.
 X - a +6 amulet of reflection
 Y - a ring of fire (right hand)
Wands
 e - a wand of enslavement (17)
 u - a wand of iceblast (12)
 B - a wand of flame (24)
 K - a wand of polymorph (15)
 Q - a wand of clouds (2)
 T - a wand of digging (14)
Scrolls
 g - 8 scrolls of teleportation
 k - 5 scrolls of immolation
 m - 2 scrolls of silence
 t - 12 scrolls of remove curse
 w - 11 scrolls of identify
 x - 3 scrolls of magic mapping
 C - 7 scrolls of enchant armour
 H - 6 scrolls of amnesia
 I - 2 scrolls of fog
 J - a scroll of fear
 M - 2 scrolls of torment
 O - 2 scrolls of holy word
 S - 2 scrolls of blinking
 Z - a scroll of summoning
Potions
 d - 8 potions of might
 h - 3 potions of resistance
 l - 9 potions of brilliance
 q - 4 potions of ambrosia
 r - 8 potions of cancellation
 v - 7 potions of curing
 A - 8 potions of agility
 E - a potion of haste
 G - 4 potions of lignification
 R - 2 potions of magic
Miscellaneous
 b - a phantom mirror
 n - a phial of floods
 F - a box of beasts
 P - a crystal ball of energy
 V - a lamp of fire
Comestibles
 f - 44 rations
 p - 25 chunks of flesh


   Skills:
 + Level 16.0 Fighting
 - Level 12.0 Maces & Flails
 + Level 15.7 Armour
 + Level 3.6 Dodging
 + Level 9.0 Stealth
 - Level 15.0 Shields
 * Level 13.6 Invocations
 + Level 2.1 Evocations


You had 16 spell levels left.
You didn't know any spells.
Your spell library contained the following spells:

 Spells                   Type           Power        Failure   Level  Hunger
 Magic Dart               Conj           #...         90%         1    ##.....
 Apportation              Tloc           #.....       90%         1    ##.....
 Bolt of Magma            Conj/Fire/Erth #.........   100%        5    ######.
 Mephitic Cloud           Conj/Pois/Air  #.......     99%         3    ####...
 Venom Bolt               Conj/Pois      #.........   100%        5    ######.
 Olgreb's Toxic Radiance  Pois           #.......     100%        4    #####..
 Summon Small Mammal      Summ           #...         90%         1    ##.....
 Iskenderun's Mystic Bla  Conj           #.......     100%        4    #####..
 Animate Skeleton         Necr           N/A          90%         1    ##.....
 Call Imp                 Summ           #.......     96%         2    ###....
 Sting                    Conj/Pois      #...         90%         1    ##.....
 Iron Shot                Conj/Erth      #.........   100%        6    #######
 Recall                   Summ/Tloc      N/A          99%         3    ####...
 Spider Form              Tmut/Pois      #.........   99%         3    ####...
 Blade Hands              Tmut           #.........   100%        5    ######.
 Statue Form              Tmut/Erth      #........    100%        6    #######
 Ice Form                 Ice/Tmut       #.......     100%        4    #####..
 Deflect Missiles         Chrm/Air       #.........   100%        6    #######
 Confusing Touch          Hex            #.....       90%         1    ##.....
 Sticks to Snakes         Tmut           #.......     96%         2    ###....
 Silence                  Hex/Air        #.........   100%        5    ######.
 Shatter                  Erth           #.........   100%        9    #######
 Conjure Ball Lightning   Conj/Air       #.........   100%        6    #######
 Tornado                  Air            #.........   100%        9    #######
 Leda's Liquefaction      Hex/Erth       #.........   100%        4    #####..
 Beastly Appendage        Tmut           #.....       90%         1    ##.....
 Fulminant Prism          Conj/Hex       #.........   100%        4    #####..
 Dazzling Spray           Conj/Hex       #.....       99%         3    ####...
 Force Lance              Conj/Tloc      #.......     100%        4    #####..
 Searing Ray              Conj           #.....       96%         2    ###....
 Summon Lightning Spire   Summ/Air       #.......     100%        4    #####..
 Poisonous Vapours        Pois/Air       #.....       96%         2    ###....


Dungeon Overview and Level Annotations

Branches:
Dungeon (15/15)            Temple (0/1) D:7            Lair (6/6) D:11
  Swamp (4/4) Lair:3       Spider (1/4) Lair:4        Slime (0/5) Lair:6
    Orc (0/2) D:12         Vaults (1/5) D:14         Depths (1/5) D:15

Altars:
Ashenzari
Dithmenos
Elyvilon
Gozag
Hepliaklqana
Makhleb
Okawaru
Qazlal
Ru
Sif Muna
Vehumet
Wu Jian
Xom
Zin

Portals:
Trove: D:14 (give +3 fire dragon scales)

Annotations:
D:14 trove! fda+3
Lair:6 George's ghost, journeyman HOFi


Innate Abilities, Weirdness & Mutations

You are resistant to torment.
Your stone body is resilient. (AC +12)
You are immune to poison.
Your large and strong wings let you fly indefinitely.
You resist negative energy. (rN+)
You are resistant to electric shocks. (rElec)
You can survive without breathing.
You are immune to petrification.
You are immune to rotting.
Your life essence is reduced to manifest your ancestor. (-10% HP)
Armour fits poorly on your strangely shaped body.
Your spells are a little harder to cast, but a little more powerful.
You evolve.


Message History

The ironbrand convoker is heavily wounded.
The vault guard hits you but does no damage.
You block the deep troll's attack. x3
You hit the ironbrand convoker.
The ironbrand convoker's magic leaks into the air.
The ironbrand convoker is heavily wounded.
The deep elf mage mumbles some strange words.
The deep elf mage blinks!
You block the vault warden's attack.
You hit the ironbrand convoker but do no damage.
The ironbrand convoker is heavily wounded.
The ironbrand convoker hits you with a great mace.
* * * LOW HITPOINT WARNING * * *
You block the deep troll's attack.
The deep troll claws you but does no damage. x2
Unknown command.
You hit the ironbrand convoker. You burn the ironbrand convoker.
The ironbrand convoker is severely wounded.
The deep elf mage gestures wildly while chanting.
The vault warden hits you with a great mace of draining!!
You die...

#....+
+....##########....#
#....#........#....#
#....#........#....#
#....'....... '....#
#..).'....... '..e3#
#....#....... #ce..#
#....#....... #ppp.#
#..((##########@Xc.#
#..)))........#†T..#
#...R#........+....#
########'###########
#.......#
###.......###
#....###....# #....#
#....###############
#######..###
###..#.......#......


You could see a tentacled monstrosity, a vault warden, a vault guard, a deep
troll, a deep elf knight, an ironbrand convoker, 2 yaktaurs, a deep elf mage and
a neqoxec.

Vanquished Creatures
  the Lernaean hydra (Swamp:4)
  Louise (D:15)
  An ironheart preserver (Vaults:1)
  Nessos (D:14)
  A great orb of eyes (Swamp:4)
  15 hydras
  2 catoblepae
  A ghost crab (Swamp:4)
  2 centaur warriors
  10 two-headed ogres
  2 ogre magi (Vaults:1)
  2 death knights (D:15)
  5 alligators
  A tengu warrior (D:15)
  7 death yaks
  2 deep troll earth magi (Vaults:1)
  A fire crab (Lair:6)
  A sixfirhy (Abyss:2)
  2 skeletal warriors (D:15)
  3 deep trolls (Vaults:1)
  3 unseen horrors
  A spriggan druid (Swamp:4)
  A deep elf archer (Vaults:1)
  3 harpies (Vaults:1)
  3 wizards
  2 phantasmal warriors (D:15)
  5 swamp dragons
  An ironbrand convoker (Vaults:1)
  A necromancer (D:15)
  2 oklob plants (Lair:3)
  9 ugly things
  2 slime creatures (Swamp:1)
  3 wolf spiders (Spider:1)
  A cyclops (D:13)
  2 manticores (D:14)
  A worldbinder (Abyss:2)
  2 centaur zombies
  2 elephants (Lair:5)
  5 black mambas
  A smoke demon (Abyss:2)
  22 spiny frogs
  A torpor snail (Swamp:4)
  A freezing wraith (Vaults:1)
  A spriggan skeleton (D:15)
  4 komodo dragons
  A jumping spider (Spider:1)
  3 meliai (D:14)
  4 trolls
  Grinder (D:5)
  6 tyrant leeches
  5 hornets
  2 polar bears
  An ettin zombie (D:15)
  14 blink frogs
  3 hippogriffs
  A deep troll zombie (D:15)
  5 bog bodies
  3 spriggans
  A redback (Spider:1)
  2 vampires (D:14)
  An ettin skeleton (D:15)
  3 wyverns
  A human (D:7)
  4 fire bats (D:13)
  A basilisk (Lair:1)
  2 wraiths (Lair:5)
  A tarantella (Spider:1)
  22 yaks
  16 vampire mosquitoes
  5 fire elementals (D:13)
  A hungry ghost (D:11)
  A chaos spawn (Abyss:2)
  A yaktaur simulacrum (Vaults:1)
  6 insubstantial wisps
  Duvessa (D:6)
  An acid dragon (D:15)
  15 swamp worms
  A soldier ant (D:14)
  8 water moccasins
  5 porcupines
  A hell hound (D:13)
  9 swamp drakes
  3 orc warriors
  4 ice beasts
  2 sky beasts (D:5)
  2 small abominations (Abyss:2)
  3 starcursed masses (Abyss:2)
  4 large abominations (Abyss:2)
  A necrophage (D:10)
  8 ogres
  2 phantoms
  9 wolves
  5 boggarts
  11 centaurs
  10 crocodiles
  A big kobold (D:8)
  16 bullfrogs
  A glowing shapeshifter simulacrum (Vaults:1)
  Dowan (D:6)
  2 scorpions
  A wyvern skeleton (D:13)
  3 killer bees
  7 wights
  2 howler monkeys
  4 electric eels
  2 crimson imps
  A lava snake (D:13)
  2 quasits
  2 hounds
  2 jellies
  6 orc wizards
  3 orc priests
  5 centaur skeletons
  An iron imp (Abyss:2)
  An iguana (D:9)
  8 worker ants
  A killer bee zombie (D:7)
  A worker ant zombie (D:7)
  13 adders
  4 gnolls (D:4)
  3 river rats (Sewer)
  2 shadow imps
  A white imp (Abyss:2)
  An ooze (D:3)
  3 adder skeletons
  5 leopard geckos
  46 orcs
  6 ball pythons
  9 bats
  6 giant cockroaches
  4 hobgoblins
  10 jackals
  A quokka (D:2)
  2 frilled lizards
  5 goblins
  30 kobolds
  A leopard gecko skeleton (D:4)
  28 rats
  A briar patch (Swamp:4)
  A fire vortex (D:13)
617 creatures vanquished.

Vanquished Creatures (collateral kills)
  Jorgrun (Swamp:2)
  2 tentacled starspawn (Abyss:2)
  A thorn hunter (Swamp:4)
  An ironheart preserver (Vaults:1)
  Josephine (Lair:5)
  A rakshasa (D:13)
  A ghost crab (Swamp:3)
  3 hydras
  An ice dragon (Vaults:1)
  2 centaur warriors (D:14)
  3 death yaks (Lair:5)
  A tengu warrior (D:15)
  An alligator (Swamp:4)
  A deep troll shaman (Vaults:1)
  The ghost of Nib the Magician, a novice GnIE of Gozag (D:8)
  3 spriggans
  A deep troll (Vaults:1)
  2 skeletal warriors (D:15)
  A glowing orange brain (Vaults:1)
  3 swamp dragons
  An unseen horror (D:14)
  A lindwurm (Lair:6)
  An obsidian statue (D:11)
  2 harpies (Vaults:1)
  2 deep elf magi
  3 oklob plants (Lair:6)
  2 ugly things
  3 elephants (Lair:5)
  A manticore (D:13)
  2 apocalypse crabs (Abyss:2)
  Joseph (D:8)
  A centaur skeleton (D:15)
  A torpor snail (Lair:5)
  A black mamba (Lair:5)
  A gargoyle (D:10)
  16 spiny frogs
  2 demonic crawlers (Spider:1)
  3 komodo dragons
  A freezing wraith (D:15)
  A tengu conjurer (D:12)
  A troll (D:11)
  An ancient zyme (Abyss:2)
  A polar bear (Lair:6)
  2 tyrant leeches
  3 hornets
  4 hippogriffs
  11 blink frogs
  3 bog bodies
  A tarantella (Spider:1)
  2 wraiths (Lair:5)
  A ynoxinul (Abyss:2)
  2 small abominations (Abyss:2)
  A vampire (D:14)
  A fire elemental (D:13)
  11 vampire mosquitoes
  10 yaks
  2 basilisks
  A human (D:7)
  A golden eye (Abyss:2)
  4 hungry ghosts
  Grum (Lair:1)
  6 swamp worms
  A steam dragon (D:7)
  4 insubstantial wisps
  5 water moccasins
  2 hell hounds (D:13)
  2 porcupines (Lair:2)
  4 swamp drakes
  A sky beast (D:12)
  An ice beast (D:11)
  3 centaurs
  3 ogres
  3 phantoms
  4 boggarts
  3 wolves
  11 bullfrogs
  A scorpion (D:5)
  5 killer bees
  A wight (D:7)
  2 electric eels
  2 crimson imps
  A lava snake (D:13)
  2 quasits
  2 jellies
  2 hounds
  4 orc priests
  An iguana (D:9)
  Crazy Yiuf (D:4)
  3 worker ants
  7 orc wizards
  2 worker ant zombies
  2 adders
  2 river rats
  A leopard gecko (D:8)
  14 orcs
  3 jackals
  A kobold (D:10)
  2 quokkas
  5 ball pythons
  19 rats
279 creatures vanquished.

Vanquished Creatures (others)
  A swamp dragon (Swamp:4)
  A large abomination (Abyss:2)
  A polar bear (Lair:6)
  A spriggan (Swamp:4)
  2 swamp drakes (Swamp:4)
  34 battlemagi
  2 fire vortices (D:13)
  12 fungi
  42 plants
  13 starspawn tentacles (Abyss:2)
  5 withered plants (D:15)
114 creatures vanquished.

Grand Total: 1010 creatures vanquished

Notes
Turn   | Place    | Note
-------+----------+-------------------------------------------
     0 | D:1      | emperorscorpion the Gargoyle Fighter began the quest for the Orb.
     0 | D:1      | Reached XP level 1. HP: 14/14 MP: 1/1
   348 | D:1      | Reached XP level 2. HP: 19/19 MP: 2/2
  1174 | D:2      | Reached XP level 3. HP: 23/23 MP: 3/3
  1630 | D:2      | Reached XP level 4. HP: 25/28 MP: 4/4
  1800 | D:3      | Found an opulent altar of Gozag.
  2083 | D:3      | Found a stormy altar of Qazlal.
  2370 | D:3      | Reached XP level 5. HP: 32/32 MP: 5/5
  2468 | D:3      | Found a hazy altar of Hepliaklqana.
  2498 | D:3      | Became a worshipper of Hepliaklqana the Forgotten
  2547 | D:3      | Found a shattered altar of Ashenzari.
  3119 | D:4      | Found an ornate altar of the Wu Jian Council.
  3149 | D:4      | Reached skill level 5 in Shields
  3149 | D:4      | Reached XP level 6. HP: 34/34 MP: 6/6
  3197 | D:4      | Reached skill level 4 in Fighting
  3202 | D:4      | Found a white marble altar of Elyvilon.
  3228 | D:4      | Found a glowing drain.
  3252 | Sewer    | Entered a sewer
  3689 | Sewer    | Reached * piety under Hepliaklqana
  4027 | D:4      | Found a glowing silver altar of Zin.
  4309 | D:4      | Found a runed door.
  4344 | D:4      | Noticed Crazy Yiuf
  4349 | D:4      | Killed Crazy Yiuf
  4400 | D:5      | Entered Level 5 of the Dungeon
  4484 | D:5      | Reached skill level 5 in Maces & Flails
  4484 | D:5      | Reached XP level 7. HP: 35/38 MP: 7/7
  4677 | D:5      | Reached XP level 8. HP: 40/43 MP: 8/8
  5024 | D:5      | Noticed Grinder
  5034 | D:5      | Killed Grinder
  5034 | D:5      | Reached skill level 5 in Fighting
  5128 | D:5      | Reached skill level 5 in Armour
  5279 | D:6      | Noticed Duvessa
  5279 | D:6      | Noticed Dowan
  5287 | D:6      | Killed Duvessa
  5300 | D:6      | Killed Dowan
  5393 | D:6      | Reached ** piety under Hepliaklqana
  5394 | D:6      | Remembered your ancestor Tertia as a battlemage
  5821 | D:6      | Reached XP level 9. HP: 48/48 MP: 9/9
  5940 | D:6      | Found a burning altar of Makhleb.
  6077 | D:7      | Found a radiant altar of Vehumet.
  6114 | D:7      | Found a staircase to the Ecumenical Temple.
  6234 | D:7      | Found an iron altar of Okawaru.
  6267 | D:7      | Reached skill level 1 in Stealth
  6556 | D:7      | Reached *** piety under Hepliaklqana
  7125 | D:8      | Reached skill level 6 in Fighting
  7173 | D:8      | Reached XP level 10. HP: 54/54 MP: 10/10
  7219 | D:8      | Found a sacrificial altar of Ru.
  7265 | D:8      | Reached skill level 1 in Dodging
  7269 | D:8      | Noticed Nib's ghost (novice GnIE)
  7282 | D:8      | Killed Nib's ghost
  7615 | D:8      | Noticed Joseph
  7625 | D:8      | Killed Joseph
  7649 | D:8      | Found a shimmering altar of Xom.
  7903 | D:8      | Reached skill level 10 in Shields
  8299 | D:9      | Found a shadowy altar of Dithmenos.
  8622 | D:9      | Noticed a two-headed ogre
  8636 | D:9      | Killed a two-headed ogre
  8636 | D:9      | Reached skill level 7 in Fighting
  8636 | D:9      | Reached skill level 10 in Maces & Flails
  8997 | D:10     | Entered Level 10 of the Dungeon
  9114 | D:10     | Noticed a deep elf mage
  9124 | D:10     | Killed a deep elf mage
  9124 | D:10     | Reached XP level 11. HP: 55/60 MP: 11/11
  9157 | D:10     | Reached **** piety under Hepliaklqana
  9489 | D:10     | Reached skill level 1 in Invocations
  9687 | D:10     | Identified Sif Muna's Papyrus of the Poisonous Entourage
  9870 | D:11     | Noticed a two-headed ogre
  9880 | D:11     | Killed a two-headed ogre
 10041 | D:11     | Identified a scroll of acquirement
 10152 | D:11     | Noticed an obsidian statue
 10157 | D:11     | Noticed a soul eater
 10174 | D:11     | Noticed a sun demon
 10176 | D:11     | Killed an obsidian statue
 10241 | D:11     | Got a glittering pewter ring
 10274 | D:11     | Got a polished plate armour
 10285 | D:11     | Identified the +1 plate armour "Cyughiz" {Dex+2} (You acquired it on level 11 of the Dungeon)
 10287 | D:11     | Identified the ring "Worghel" {*Drain rElec MP+9 SInv Stlth-} (You found it on level 11 of the Dungeon)
 10371 | D:11     | Found a shadowy altar of Dithmenos.
 10376 | D:11     | Got a polished rapier
 10377 | D:11     | Identified the +1 rapier of Belu {speed, Stlth+} (You found it on level 11 of the Dungeon)
 10523 | D:11     | Found a staircase to the Lair.
 10928 | D:12     | Found a deep blue altar of Sif Muna.
 11094 | D:12     | Found a staircase to the Orcish Mines.
 11234 | D:13     | Noticed a four-headed hydra
 11262 | D:13     | Killed a four-headed hydra
 11622 | D:13     | Killed an unseen horror
 11684 | D:13     | Reached ***** piety under Hepliaklqana
 11708 | D:13     | Noticed a catoblepas
 11725 | D:13     | Killed a catoblepas
 11725 | D:13     | Reached skill level 8 in Fighting
 11725 | D:13     | Reached XP level 12. HP: 32/65 MP: 15/15
 12203 | D:13     | Found a white marble altar of Elyvilon.
 12203 | D:13     | Noticed Azrael
 12219 | D:13     | Reached skill level 5 in Invocations
 12223 | D:13     | Noticed Azrael
 12223 | D:13     | Azrael changed into Azrael the rakshasa
 12237 | D:13     | Killed Azrael the rakshasa
 12385 | D:13     | You fall through a shaft!
 12385 | D:14     | Noticed Nessos
 12406 | D:14     | Killed Nessos
 12464 | D:14     | Found a portal to a secret trove of treasure.
 12589 | D:14     | Noticed a centaur warrior
 12599 | D:14     | Killed a centaur warrior
 12916 | D:14     | Reached skill level 1 in Evocations
 13045 | D:14     | Reached skill level 9 in Fighting
 13204 | D:14     | Noticed an eight-headed hydra
 13213 | D:14     | Reached XP level 13. HP: 62/72 MP: 18/18
 13221 | D:14     | Reached skill level 10 in Armour
 13488 | D:14     | Found a gate to the Vaults.
 14355 | D:15     | Entered Level 15 of the Dungeon
 14389 | D:15     | Found a flickering gateway to a bazaar.
 14438 | Bazaar   | Entered a bazaar
 14438 | Bazaar   | Found Kote Eseoq's Gadget Emporium.
 14438 | Bazaar   | Found Owalem's Assorted Antiques.
 14438 | Bazaar   | Found Veif's Antique Armour Shoppe.
 14438 | Bazaar   | Found Gokif's Armour Emporium.
 14438 | Bazaar   | Found Angicuci's Book Shoppe.
 14466 | Bazaar   | Bought a phantom mirror for 240 gold pieces
 14468 | Bazaar   | Bought a pair of smoking gloves for 266 gold pieces
 14468 | Bazaar   | Bought an ichor-stained chain mail for 266 gold pieces
 14478 | Bazaar   | Identified the +2 pair of gloves "Kevetept" {Int+6} (You bought it in a shop in a bazaar)
 14488 | Bazaar   | Identified the +4 chain mail of Trog's Whim {Int-5 Dex+5} (You bought it in a shop in a bazaar)
 14553 | D:15     | Found a staircase to the Depths.
 15156 | D:15     | Reached skill level 10 in Fighting
 15156 | D:15     | Reached skill level 5 in Stealth
 15750 | D:15     | HP: 3/74 [freezing wraith[a death knight] (33)]
 15817 | D:15     | Gained mutation: Your large and strong wings let you fly indefinitely. [Gargoyle growth]
 15817 | D:15     | Reached XP level 14. HP: 26/79 MP: 18/20
 16290 | D:15     | Noticed Louise
 16330 | D:15     | Cast into level 2 of the Abyss (Louise)
 16347 | Abyss:2  | Noticed a starcursed mass
 16370 | Abyss:2  | Found a corrupted altar of Lugonu.
 16374 | Abyss:2  | Paralysed by accursed screaming for 1 turns
 16453 | Abyss:2  | Paralysed by you for 2 turns
 16522 | Abyss:2  | Found a corrupted altar of Lugonu.
 16589 | Abyss:2  | Found a corrupted altar of Lugonu.
 16713 | Abyss:2  | Reached skill level 11 in Fighting
 16759 | Abyss:2  | Noticed a tentacled starspawn
 16812 | Abyss:2  | Killed a tentacled starspawn
 16924 | Abyss:2  | Noticed a tentacled starspawn
 16933 | Abyss:2  | Killed a tentacled starspawn
 16933 | Abyss:2  | Reached skill level 10 in Invocations
 17051 | D:15     | Escaped the Abyss
 17063 | D:15     | Killed Louise
 17220 | Lair:1   | Entered Level 1 of the Lair of Beasts
 17701 | Lair:1   | Noticed Grum
 17717 | Lair:1   | Killed Grum
 19422 | Lair:3   | Reached XP level 15. HP: 53/86 MP: 22/22
 19862 | Lair:3   | Found a staircase to the Swamp.
 20445 | Lair:4   | Reached ****** piety under Hepliaklqana
 20503 | Lair:4   | Reached skill level 12 in Fighting
 20521 | Lair:4   | Found a hole to the Spider Nest.
 20978 | Lair:5   | Reached skill level 15 in Shields
 21058 | Lair:5   | Noticed Josephine
 21069 | Lair:5   | Killed Josephine
 22117 | Lair:6   | Entered Level 6 of the Lair of Beasts
 22337 | Lair:6   | Reached skill level 13 in Fighting
 22405 | Lair:6   | Noticed George's ghost (journeyman HOFi)
 23403 | Lair:6   | Reached XP level 16. HP: 48/94 MP: 25/25
 23854 | Lair:6   | Found a staircase to the Slime Pits.
 24784 | Depths:1 | Entered Level 1 of the Depths
 24804 | Depths:1 | HP: 4/94 [deep troll earth mage[a boggart] (11)]
 24806 | Depths:1 | HP: 1/94 [something (3)]
 25310 | Swamp:1  | Entered Level 1 of the Swamp
 25466 | Swamp:1  | Reached skill level 14 in Fighting
 26827 | Swamp:2  | Noticed Jorgrun
 26842 | Swamp:2  | Killed Jorgrun
 28220 | Swamp:4  | Entered Level 4 of the Swamp
 28521 | Swamp:4  | Noticed a thorn hunter
 28545 | Swamp:4  | Killed a thorn hunter
 28853 | Swamp:4  | Gained mutation: Armour fits poorly on your strangely shaped body. [potion of mutation]
 28853 | Swamp:4  | Gained mutation: You evolve. [potion of mutation]
 28853 | Swamp:4  | Gained mutation: Your spells are a little harder to cast, but a little more powerful. [potion of mutation]
 29104 | Swamp:4  | Reached skill level 15 in Fighting
 29473 | Swamp:4  | Reached XP level 17. HP: 91/101 MP: 26/26
 29768 | Swamp:4  | Noticed the 27-headed Lernaean hydra
 29778 | Swamp:4  | Killed the 27-headed Lernaean hydra
 29778 | Swamp:4  | Reached skill level 15 in Armour
 30182 | Swamp:4  | Got a decaying rune of Zot
 30374 | Spider:1 | Entered Level 1 of the Spider Nest
 30801 | Vaults:1 | Entered Level 1 of the Vaults
 31625 | Vaults:1 | Reached skill level 16 in Fighting
 31783 | Vaults:1 | Noticed a tentacled monstrosity
 31787 | Vaults:1 | Demolished by a vault warden

Vault maps used:
D:1:      mrwooster_arrival_statue
D:3:      lemuel_round_altar, cheibrodos_ashenzari_chains,
          nicolae_gozag_seed_capital, overflow_temple_1_default, first_ration,
          hangedman_abyss_or_decor_stabs
D:4:      elyvilon_altar_5, kennysheep_mini_moat, zin_statuary,
          portal_sewer_entry_a, minmay_rat_hole, uniq_crazy_yiuf_cottage
D:5:      minivault_26, serial_park_tiny_2, uniq_grinder
D:6:      makhleb_heckhound_becter, uniq_duvessa
D:7:      okawaru_humans, kennysheep_little_box, temple_hall, grunt_decor_cap
D:8:      lemuel_doored_altar, overflow_temple_1_default, uniq_joseph
D:9:      nicolae_dithmenos_through_a_glass_darkly
D:10:     hangedman_stone_soup
D:11:     david_lair_shrubbed, basic_altar, minmay_protected_statue
D:12:     hiddenorc1_lemuel, basic_altar
D:13:     basic_altar, hangedman_incinerator, uniq_azrael
D:14:     david_vaults_1, nicolae_trove_entry_crossroad, kennysheep_doodads,
          uniq_nessos
D:15:     gammafunk_depths_entry_grave, serial_shops, bzr_entry_dummy,
          minmay_crystal_water, grunt_decor_resistance, uniq_louise
Lair:1:   beast_lair_carwin_11, uniq_grum
Lair:2:   fungi_pond_lemuel
Lair:3:   nicolae_swamp_entry_splash_gauntlet, minmay_lair_oklob_chamber
Lair:4:   dummy_spider_entry
Lair:5:   serial_bayou_lagoon_b, infiniplex_staircase_pool, grunt_megastairs_3,
          uniq_josephine
Lair:6:   minmay_lair_end_frog_pond, minmay_slime_entry_oklob_enclosed,
          st_stairs_10, kilobyte_rumbling_trees, lemuel_fruit_tree
Swamp:1:  evilmike_swamp_ruin_house_2
Swamp:2:  evilmike_swamp_ruin_house_5, swamp_pool5, uniq_jorgrun
Swamp:3:  serial_swamp_ruin, evilmike_swamp_ruin_house_6,
          evilmike_swamp_ruin_house_3
Swamp:4:  swamp_old_school
Spider:1: minivault_29
Vaults:1: v_rooms_6, v_misc_22, st_octagons_1, v_misc_11,
          hangedman_vaults_pinch, hangedman_vaults_slither,
          hangedman_vaults_slice, vaults_mumra_chevron_long,
          nicolae_vaults_big_ls
Depths:1: abyss_entry, serial_shops, shop, serial_sigils_hangedman_etch,
          pf_coc_iceberg, statue_in_the_mist_lemuel, guppyfry_shop_blood,
          minmay_shoptagon
Bazaar:   bazaar_minmay_row
Sewer:    sewer_minmay_treatment

Skill      XL: |  1  2  3  4  5  6  7  8  9 10 11 12 13 14 15 16 17 |
---------------+----------------------------------------------------+-----
Shields        | 4 5 6 7 8 10 11 12 13 14 15 | 15.0
Armour         | 4 5 6 7 9 11 13 14 15 | 15.7
Maces & Flails | 4 5 6 7 9 10 11 12 | 12.0
Fighting       | 4 5 6 7 8 9 10 11 13 15 16 | 16.0
Stealth        | 2 3 4 5 6 7 9 |  9.0
Dodging        | 1 2 3 |  3.6
Invocations    | 4 6 9 10 12 13 | 13.6
Evocations     | 1 2 |  2.1

Action                   |  1- 3 |  4- 6 |  7- 9 | 10-12 | 13-15 | 16-18 || total
-------------------------+-------+-------+-------+-------+-------+-------++-------
Melee: Flail             |   147 |   442 |   283 |   216 |       |       ||  1088
       Demon whip        |       |       |       |   393 |  1556 |  1051 ||  3000
Invok: Ancestor Identity |       |     1 |     1 |       |       |       ||     2
       Recall Ancestor   |       |       |     1 |     2 |     2 |     1 ||     6
       Ancestor Life: Ba |       |       |     1 |       |       |       ||     1
       Idealise          |       |       |       |     3 |     8 |     1 ||    12
       Transference      |       |       |       |       |     1 |       ||     1
 Abil: Fly               |       |       |       |       |     1 |       ||     1
Evoke: Wand              |       |       |       |     9 |     4 |     4 ||    17
       Lamp of fire      |       |       |       |       |     1 |       ||     1
  Use: Scroll            |     1 |    15 |       |    12 |     3 |     8 ||    39
       Potion            |       |       |       |     1 |    12 |     6 ||    19
 Stab: Distracted        |       |     1 |     1 |     5 |    15 |     8 ||    30
       Paralysed         |       |       |     3 |       |       |     5 ||     8
       Confused          |       |       |     1 |       |       |     4 ||     5
       Invisible         |       |       |       |       |     4 |       ||     4
       Petrifying        |       |       |       |       |       |     2 ||     2
  Eat: Chunk             |     2 |    11 |     9 |    25 |    26 |    19 ||    92
       Ration            |       |       |       |       |     3 |     2 ||     5
Armor: Chain mail        |    11 |       |       |       |       |       ||    11
       Plate armour      |   123 |   343 |   154 |   291 |   580 |   628 ||  2119
Dodge: Dodged            |    27 |    87 |    39 |   104 |   265 |   265 ||   787
Block: Shield            |   105 |   312 |   132 |   311 |   663 |   648 ||  2171

Table legend:
 A = Spawn XP
 B = Non-spawn XP
 C = Spawn XP percentage of total XP
 D = Spawn monster count
 E = Non-spawn monster count
 F = Spawn count percentage of total count
 G = Total turns spent on level
                    A         B        C        D         E        F      G
               +---------+---------+-------+---------+---------+-------+---------
         Total |   11443 |  214795 |   5.1 |      30 |     867 |   3.3 | 31787
               +---------+---------+-------+---------+---------+-------+---------
           D:1 |       0 |      20 |   0.0 |       0 |      12 |   0.0 |   977
           D:2 |       0 |      63 |   0.0 |       0 |      18 |   0.0 |   823
           D:3 |       0 |     100 |   0.0 |       0 |      35 |   0.0 |   930
           D:4 |       0 |     269 |   0.0 |       0 |      44 |   0.0 |  1014
           D:5 |       0 |    1369 |   0.0 |       0 |      28 |   0.0 |   855
           D:6 |       0 |     598 |   0.0 |       0 |      15 |   0.0 |   788
           D:7 |       0 |    1716 |   0.0 |       0 |      25 |   0.0 |  1020
           D:8 |       0 |    3405 |   0.0 |       0 |      40 |   0.0 |   921
           D:9 |       0 |    1266 |   0.0 |       0 |      13 |   0.0 |  1013
          D:10 |       0 |    2199 |   0.0 |       0 |      15 |   0.0 |   771
          D:11 |       0 |    2618 |   0.0 |       0 |      14 |   0.0 |  1123
          D:12 |       0 |    1406 |   0.0 |       0 |      28 |   0.0 |   583
          D:13 |       0 |   10813 |   0.0 |       0 |      35 |   0.0 |  1487
          D:14 |       0 |   16115 |   0.0 |       0 |      51 |   0.0 |  1797
          D:15 |       0 |   17669 |   0.0 |       0 |      35 |   0.0 |  2006
        Lair:1 |       0 |    3657 |   0.0 |       0 |      20 |   0.0 |   912
        Lair:2 |       0 |    5656 |   0.0 |       0 |      25 |   0.0 |  1078
        Lair:3 |       0 |    6408 |   0.0 |       0 |      28 |   0.0 |  1549
        Lair:4 |       0 |    5147 |   0.0 |       0 |      16 |   0.0 |   654
        Lair:5 |       0 |   20434 |   0.0 |       0 |      52 |   0.0 |  1753
        Lair:6 |       0 |   22496 |   0.0 |       0 |      83 |   0.0 |  1918
       Swamp:1 |       0 |   11035 |   0.0 |       0 |      32 |   0.0 |  1051
       Swamp:2 |       0 |   10554 |   0.0 |       0 |      26 |   0.0 |   994
       Swamp:3 |       0 |    4208 |   0.0 |       0 |       9 |   0.0 |  1022
       Swamp:4 |       0 |   32890 |   0.0 |       0 |      55 |   0.0 |  1732
      Spider:1 |       0 |    3284 |   0.0 |       0 |      10 |   0.0 |   234
      Vaults:1 |       0 |   27570 |   0.0 |       0 |      47 |   0.0 |   986
      Depths:1 |       0 |     584 |   0.0 |       0 |       5 |   0.0 |   350
       Abyss:2 |   11443 |    1126 |  91.0 |      30 |       3 |  90.9 |   721
         Sewer |       0 |     120 |   0.0 |       0 |      48 |   0.0 |   656
               +---------+---------+-------+---------+---------+-------+---------
